 Dungeon Crawl Stone Soup version 0.26-a0-737-g4e9f4955e2 (webtiles) character file.

Game seed: 3683479412394098276

9562 robertstho the Frost Mage (level 11, 0/81 (82) HPs)
             Began as a Gnoll Ice Elementalist on Nov 4, 2020.
             Was an Elder of Vehumet.
             Slain by Sonja
             ... wielding a +2 short sword of distortion
              (15 damage)
             ... on level 11 of the Dungeon.
             The game lasted 00:30:30 (13559 turns).

robertstho the Frost Mage (Gnoll Ice Elementalist) Turns: 13559, Time: 00:30:33

HP:   0/81 (82)     AC: 12    Str: 10    XL:     11   Next: 48%
MP:   6/23          EV: 17    Int: 22    God:    Vehumet [****..]
Gold: 354           SH:  0    Dex: 15    Spells: 1/26 levels left

rFire    . . .     SeeInvis +   K - +0 trident (venom)
rCold    . . .     Faith    .   (no shield)
rNeg     . . .     Spirit   .   a - +0 robe
rPois    .         Reflect  .   b - +0 helmet
rElec    .         Harm     .   O - +0 cloak
rCorr    .         Rampage  .   E - +0 pair of gloves
MR       .....                  i - +1 pair of boots
Stlth    ++++......             (no amulet)
HPRegen  0.23/turn              q - +4 ring of protection
MPRegen  0.18/turn              J - ring of see invisible

@: lethally poisoned (0 -> -3), slowed, lightly drained, very slow
A: distributed training, fangs 1, strong nose
a: Renounce Religion


You were on level 11 of the Dungeon.
You worshipped Vehumet.
Vehumet was greatly pleased with you.
You visited 1 branch of the dungeon, and saw 11 of its levels.
You also visited: Ossuary.

You collected 624 gold pieces.
You spent 270 gold pieces at shops.

Inventory:

Hand Weapons
 F - a +2 flail of protection
 G - a +3 falchion of holy wrath
 H - a +1 hand axe of freezing
 K - a +0 trident of venom (weapon)
Missiles
 Q - 7 curare-tipped darts (quivered)
Armour
 a - a +0 robe (worn)
 b - a +0 helmet (worn)
 i - a +1 pair of boots (worn)
 E - a +0 pair of gloves (worn)
 O - a +0 cloak (worn)
Jewellery
 d - a +4 ring of evasion {unknown}
 q - a +4 ring of protection (left hand)
 t - an uncursed ring of fire
 x - a +6 ring of intelligence
 y - an uncursed ring of protection from cold
 J - a ring of see invisible (right hand)
 M - an uncursed ring of positive energy
Wands
 c - a wand of enslavement (10)
 o - a wand of digging (10)
 w - a wand of polymorph (6)
 B - a wand of iceblast (15)
 R - a wand of flame (12)
Scrolls
 e - 6 scrolls of teleportation
 j - 2 scrolls of enchant armour
 m - a scroll of brand weapon
 r - 7 scrolls of remove curse
 u - a scroll of enchant weapon
 z - 2 scrolls of fog
 A - 3 scrolls of immolation
 C - 2 scrolls of amnesia
 D - 2 scrolls of blinking
 L - 3 scrolls of fear
 N - 4 scrolls of holy word
 U - a scroll of torment
Potions
 f - 2 potions of stabbing
 g - a potion of mutation
 h - 2 potions of invisibility
 k - 2 potions of magic
 l - 2 potions of cancellation
 n - a potion of curing
 p - 3 potions of haste
 s - 4 potions of lignification
 v - a potion of might
 I - a potion of flight
 P - a potion of heal wounds
Miscellaneous
 T - a condenser vane (2/2)


   Skills:
 + Level 6.3 Fighting
 + Level 6.3 Short Blades
 + Level 6.3 Long Blades
 + Level 6.3 Axes
 + Level 6.3 Maces & Flails
 + Level 6.3 Polearms
 + Level 6.3 Staves
 + Level 6.3 Slings
 + Level 6.3 Bows
 + Level 6.3 Crossbows
 + Level 6.3 Throwing
 + Level 6.3 Armour
 + Level 7.9 Dodging
 + Level 7.7(7.6) Stealth
 + Level 6.3 Shields
 + Level 6.3 Unarmed Combat
 + Level 8.1 Spellcasting
 + Level 5.2 Conjurations
 + Level 5.2 Hexes
 + Level 5.2 Summonings
 + Level 5.2 Necromancy
 + Level 5.2 Translocations
 + Level 5.2 Transmutations
 + Level 5.2 Fire Magic
 + Level 8.9 Ice Magic
 + Level 5.2 Air Magic
 + Level 5.2 Earth Magic
 + Level 5.2 Poison Magic
 + Level 6.9 Invocations
 + Level 6.3 Evocations


You had one spell level left.
You knew the following spells:

 Your Spells              Type           Power        Failure   Level
a - Freeze                Ice            ####         1%          1
b - Frozen Ramparts       Ice            #####.       1%          3
c - Ozocubu's Armour      Ice            #####...     1%          3
d - Hailstorm             Conj/Ice       #####...     1%          4
e - Summon Ice Beast      Ice/Summ       #####...     4%          4
f - Foxfire               Conj/Fire      ####         1%          1
g - Dazzling Flash        Conj/Hex       ####..       1%          3
h - Freezing Cloud        Conj/Ice/Air   #####.....   21%         6

Your spell library contained the following spells:

 Spells                   Type           Power        Failure   Level
 Summon Small Mammal      Summ           ####         1%          1
 Call Imp                 Summ           ####....     1%          2
 Call Canine Familiar     Summ           ####....     2%          3
 Summon Guardian Golem    Hex/Summ       ####....     2%          3
 Summon Lightning Spire   Summ/Air       ####....     9%          4


Dungeon Overview and Level Annotations

Branches:
Dungeon (11/15)            Temple (0/1) D:6            Lair (0/6) D:10
    Orc (0/2) D:9         Ossuary (visited)

Altars:
Cheibriados
Fedhas
Okawaru
Sif Muna
Uskayaw
Vehumet
The Shining One
Beogh

Shops:
D:4 [   D:11 ?

Annotations:
D:4 275 gloves
D:11 Sonja


Innate Abilities, Weirdness & Mutations

Your experience applies equally to all skills.
You have very sharp teeth.
Your uncanny sense of smell can sniff out nearby items.


Message History

A chill wind blows around you.
You feel sick. Sonja closely misses your ice beast.
Sonja hits your ice beast but does no damage.
Space warps horribly around your ice beast!
Sonja hits your ice beast but does no damage.
Space warps horribly around your ice beast!
Your ice beast dies!
Casting: Summon Ice Beast (dangerous; 4% risk of failure)
Confirm with . or Enter, or press ? or * to list all spells.
A chill wind blows around you.
You feel sick.
Unknown command.
You feel sick. Sonja completely misses you. Sonja barely misses you.
Sonja misses you. Sonja closely misses you. Sonja hits you but does no damage.
Space bends around you.
* * * LOW HITPOINT WARNING * * *
Sonja hits you with a +2 short sword of distortion.
* * * LOW HITPOINT WARNING * * *
Space warps horribly around you!
You die...

#...................#.#.........
#######.+######.#####...........
#..# #.# #...........
##.######.#####..###'#<...
#####........................
#....>.......................
#.......####.######.###.##...
#.......# #.K....(.....##...
#.......# #@#......#######..
#.......# #.#Y........))))).
#.......# #.#...§..###...##.
#.......####.#(§§...# #...##.
..........>..#.((...##...##..
##############......##...##..
#(.....##...##..
#......##...#### #.(....##...#


You could see Sonja.

Vanquished Creatures
  Harold (D:7)
  2 two-headed ogres
  The ghost of Rennog the Basher, a novice MiFi of the Shining One (D:6)
  Pikel (D:5)
  A centaur skeleton (D:9)
  A komodo dragon (D:10)
  A troll (D:9)
  A spriggan (D:7)
  2 humans (D:9)
  A yak (D:11)
  A soldier ant (D:10)
  A water moccasin (D:9)
  2 sky beasts
  4 orc warriors
  A black bear (D:10)
  3 ice beasts
  A necrophage (D:6)
  3 phantoms
  4 ogres
  4 centaurs
  2 lemures (D:5)
  A big kobold (D:9)
  2 nameless horrors
  4 bullfrogs
  2 elf skeletons (D:4)
  5 scorpions
  4 killer bees (D:10)
  5 wights
  A howler monkey (D:9)
  2 centaur zombies
  A bullfrog skeleton (D:6)
  2 bullfrog zombies
  5 hounds
  9 orc priests
  5 jellies
  5 iguanas
  Natasha (twice) (D:3)
  A human skeleton (D:4)
  14 orc wizards
  6 worker ants
  7 big kobold zombies (Ossuary)
  A mummy (Ossuary)
  9 gnolls
  A howler monkey skeleton (D:7)
  14 adders
  A shadow imp (D:9)
  3 white imps
  An ufetubus (D:6)
  3 oozes
  An adder skeleton (D:5)
  A worm (D:2)
  A dart slug (D:2)
  5 leopard geckos
  26 orcs
  4 spectral bats (Ossuary)
  A ball python (D:7)
  3 giant cockroaches
  5 goblins
  9 hobgoblins
  8 jackals
  4 quokkas
  5 bats
  2 bat simulacra (Ossuary)
  5 frilled lizards
  A giant cockroach zombie (D:5)
  4 gnoll zombies (Ossuary)
  3 goblin simulacra (Ossuary)
  3 goblin zombies (Ossuary)
  3 hobgoblin zombies (Ossuary)
  A jackal skeleton (D:7)
  13 kobolds
  4 kobold simulacra (Ossuary)
  3 kobold zombies (Ossuary)
  2 orc skeletons (D:4)
  4 orc zombies (Ossuary)
  8 rats
  3 rat simulacra (Ossuary)
  2 spectral goblins (Ossuary)
  3 spectral kobolds (Ossuary)
  A spectral rat (Ossuary)
292 creatures vanquished.

Vanquished Creatures (collateral kills)
  Grinder (D:3)
  A wraith (D:10)
  Eustachio (D:5)
  A sky beast (D:9)
  An elf zombie (D:4)
  A gnoll sergeant (D:7)
  A wyvern skeleton (D:11)
  3 wights
  A spectral bullfrog (D:6)
  2 bullfrog skeletons
  2 orc wizards
  2 worker ants (D:6)
  Natasha (D:3)
  A spectral howler monkey (D:6)
  2 shadow imps
  An ufetubus (D:9)
  An adder skeleton (D:6)
  An adder simulacrum (D:6)
  An orc (D:10)
  A goblin zombie (Ossuary)
  2 hobgoblin zombies (Ossuary)
  A kobold (D:3)
  An orc zombie (Ossuary)
30 creatures vanquished.

Vanquished Creatures (others)
  A gnoll zombie (Ossuary)
  An orc zombie (Ossuary)
  686 foxfires
  8 plants (D:10)
696 creatures vanquished.

Grand Total: 1018 creatures vanquished

Notes
Turn   | Place    | Note
-------+----------+-------------------------------------------
     0 | D:1      | robertstho the Gnoll Ice Elementalist began the quest for
                  | the Orb.
     0 | D:1      | Reached XP level 1. HP: 13/13 MP: 6/6
   143 | D:1      | Reached XP level 2. HP: 19/19 MP: 7/7
   145 | D:1      | Found a glowing golden altar of the Shining One.
   811 | D:2      | Reached skill level 5 in Spellcasting
   811 | D:2      | Reached XP level 3. HP: 14/25 MP: 1/9
   970 | D:2      | Noticed a scorpion
   980 | D:2      | Reached skill level 1 in Invocations
  1254 | D:2      | Found a radiant altar of Vehumet.
  1266 | D:2      | Killed a scorpion
  1266 | D:2      | Reached skill level 1 in Fighting
  1266 | D:2      | Reached skill level 1 in Short Blades
  1266 | D:2      | Reached skill level 1 in Long Blades
  1266 | D:2      | Reached skill level 1 in Axes
  1266 | D:2      | Reached skill level 1 in Maces & Flails
  1266 | D:2      | Reached skill level 1 in Polearms
  1266 | D:2      | Reached skill level 1 in Staves
  1266 | D:2      | Reached skill level 1 in Slings
  1266 | D:2      | Reached skill level 1 in Bows
  1266 | D:2      | Reached skill level 1 in Crossbows
  1266 | D:2      | Reached skill level 1 in Throwing
  1266 | D:2      | Reached skill level 1 in Armour
  1266 | D:2      | Reached skill level 1 in Shields
  1266 | D:2      | Reached skill level 1 in Unarmed Combat
  1266 | D:2      | Reached skill level 1 in Evocations
  1266 | D:2      | Reached XP level 4. HP: 24/32 MP: 7/11
  1268 | D:2      | Reached skill level 1 in Conjurations
  1268 | D:2      | Reached skill level 1 in Hexes
  1268 | D:2      | Reached skill level 1 in Summonings
  1268 | D:2      | Reached skill level 1 in Necromancy
  1268 | D:2      | Reached skill level 1 in Translocations
  1268 | D:2      | Reached skill level 1 in Transmutations
  1268 | D:2      | Reached skill level 1 in Fire Magic
  1268 | D:2      | Reached skill level 1 in Air Magic
  1268 | D:2      | Reached skill level 1 in Earth Magic
  1268 | D:2      | Reached skill level 1 in Poison Magic
  1482 | D:2      | Found a snail-covered altar of Cheibriados.
  1942 | D:2      | Became a worshipper of Vehumet
  1954 | D:2      | Learned a level 3 spell: Frozen Ramparts
  1960 | D:2      | Learned a level 3 spell: Ozocubu's Armour
  1965 | D:2      | Learned a level 4 spell: Hailstorm
  1993 | D:3      | Reached XP level 5. HP: 37/37 MP: 8/12
  2267 | D:3      | Reached * piety under Vehumet
  2267 | D:3      | Offered knowledge of Shock by Vehumet.
  2267 | D:3      | Reached XP level 6. HP: 39/44 MP: 8/13
  2317 | D:3      | Noticed Grinder
  2339 | D:3      | Paralysed by Grinder for 7 turns
  2400 | D:2      | Learned a level 4 spell: Summon Ice Beast
  2621 | D:3      | Killed Grinder
  2621 | D:3      | Reached skill level 5 in Dodging
  2624 | D:3      | Noticed Natasha
  2635 | D:3      | Killed Natasha
  2638 | D:3      | Noticed Natasha
  2646 | D:3      | Killed Natasha
  2657 | D:3      | Noticed Natasha
  2663 | D:3      | Killed Natasha
  2663 | D:3      | Reached XP level 7. HP: 37/50 MP: 0/15
  2800 | D:3      | Found a blossoming altar of Fedhas.
  3034 | D:3      | Found a faded altar of an unknown god.
  3292 | D:4      | Found a sand-covered staircase.
  3298 | Ossuary  | Entered an ossuary
  3544 | Ossuary  | Reached ** piety under Vehumet
  3544 | Ossuary  | Offered knowledge of Foxfire by Vehumet.
  3548 | Ossuary  | Learned a level 1 spell: Foxfire
  4139 | Ossuary  | Reached skill level 5 in Stealth
  4197 | Ossuary  | Offered knowledge of Inner Flame by Vehumet.
  4286 | Ossuary  | Reached *** piety under Vehumet
  4890 | D:4      | Reached XP level 8. HP: 55/57 MP: 9/16
  5075 | D:4      | Found Jegruzey's Antique Armour Boutique.
  5422 | D:5      | Entered Level 5 of the Dungeon
  5609 | D:5      | Offered knowledge of Dazzling Flash by Vehumet.
  6102 | D:5      | Noticed Pikel
  6108 | D:5      | Noticed Eustachio
  6110 | D:5      | Killed Pikel
  6110 | D:5      | Reached XP level 9. HP: 54/65 MP: 13/18
  6120 | D:5      | Killed Eustachio
  6527 | D:5      | Reached **** piety under Vehumet
  6837 | D:6      | Learned a level 3 spell: Dazzling Flash
  6843 | D:6      | Offered knowledge of Static Discharge by Vehumet.
  7048 | D:6      | Found a shimmering blue altar of Sif Muna.
  7501 | D:6      | Reached skill level 5 in Invocations
  7633 | D:6      | Found a hide-covered altar of Uskayaw.
  7644 | D:6      | Found a runed translucent gate.
  7912 | D:6      | Found a staircase to the Ecumenical Temple.
  8049 | D:6      | Found a runed translucent gate.
  8050 | D:6      | Found a runed translucent gate.
  8287 | D:6      | Noticed Rennog's ghost (novice MiFi)
  8332 | D:6      | Killed Rennog's ghost
  8332 | D:6      | Reached XP level 10. HP: 65/72 MP: 10/20
  8539 | D:7      | Reached skill level 5 in Fighting
  8539 | D:7      | Reached skill level 5 in Short Blades
  8539 | D:7      | Reached skill level 5 in Long Blades
  8539 | D:7      | Reached skill level 5 in Axes
  8539 | D:7      | Reached skill level 5 in Maces & Flails
  8539 | D:7      | Reached skill level 5 in Polearms
  8539 | D:7      | Reached skill level 5 in Staves
  8539 | D:7      | Reached skill level 5 in Slings
  8539 | D:7      | Reached skill level 5 in Bows
  8539 | D:7      | Reached skill level 5 in Crossbows
  8539 | D:7      | Reached skill level 5 in Throwing
  8539 | D:7      | Reached skill level 5 in Armour
  8539 | D:7      | Reached skill level 5 in Shields
  8539 | D:7      | Reached skill level 5 in Unarmed Combat
  8539 | D:7      | Reached skill level 5 in Evocations
  8781 | D:7      | Noticed Harold
  8803 | D:7      | Killed Harold
  9210 | D:8      | Reached ***** piety under Vehumet
  9210 | D:8      | Offered knowledge of Freezing Cloud by Vehumet.
  9535 | D:8      | Noticed a two-headed ogre
  9557 | D:8      | Killed a two-headed ogre
 10604 | D:9      | Found an iron altar of Okawaru.
 10894 | D:9      | Reached XP level 11. HP: 80/80 MP: 15/22
 11141 | D:9      | Noticed a two-headed ogre
 11175 | D:9      | Killed a two-headed ogre
 11175 | D:9      | Reached skill level 5 in Conjurations
 11175 | D:9      | Reached skill level 5 in Hexes
 11175 | D:9      | Reached skill level 5 in Summonings
 11175 | D:9      | Reached skill level 5 in Necromancy
 11175 | D:9      | Reached skill level 5 in Translocations
 11175 | D:9      | Reached skill level 5 in Transmutations
 11175 | D:9      | Reached skill level 5 in Fire Magic
 11175 | D:9      | Reached skill level 5 in Air Magic
 11175 | D:9      | Reached skill level 5 in Earth Magic
 11175 | D:9      | Reached skill level 5 in Poison Magic
 11358 | D:9      | Found a staircase to the Orcish Mines.
 11392 | D:9      | Found a roughly hewn altar of Beogh.
 11758 | D:10     | Entered Level 10 of the Dungeon
 11959 | D:10     | Found a staircase to the Lair.
 12925 | D:10     | Learned a level 6 spell: Freezing Cloud
 13266 | D:11     | Found Caomabau's Magic Scroll Emporium.
 13269 | D:11     | Bought a scroll of torment for 90 gold pieces
 13269 | D:11     | Bought a scroll of blinking for 90 gold pieces
 13269 | D:11     | Bought a scroll of identify for 24 gold pieces
 13269 | D:11     | Bought a scroll of amnesia for 42 gold pieces
 13269 | D:11     | Bought a scroll of identify for 24 gold pieces
 13462 | D:11     | Noticed Sonja
 13559 | D:11     | Slain by Sonja

Illustrated notes

Levels and vault maps discovered:
D:1:      lightli_arrival_maybe_door_vault, layout_basic, tso_metal_star
D:2:      layout_rooms, lemuel_doored_altar, fiery_altar_vehumet
D:3:      layout_basic, fedhas_altar_4, chequers_ecumenical_altar_twisty,
          uniq_natasha, uniq_grinder
D:4:      layout_cave_pools, nicolae_ossuary_entry_catacombs, serial_shops,
          shop, lemuel_old_faithful
D:5:      minmay_evil_eye, layout_cave_pools, uniq_eustachio, uniq_pikel
D:6:      layout_cave_pools, tgw_sif, eat_drink_and_be_merry_uskayaw,
          minmay_temple_entry_statues, gammafunk_ghost_necromancy,
          solitary_fountain, minmay_misc_feat_x, kennysheep_generic_room_12
D:7:      layout_basic, the_bakery, uniq_harold
D:8:      layout_basic
D:9:      layout_big_octagon, okawaru_humans, minmay_orc_entry_temple_small
D:10:     layout_irregular_city, david_lair_shrubbed
D:11:     layout_basic, serial_shops, shop, shop, nicolae_benzene_ring,
          minmay_misc_feat_room, uniq_fannar, uniq_sonja

Skill      XL: |  1  2  3  4  5  6  7  8  9 10 11 |
---------------+----------------------------------+-----
Spellcasting   | 5 6 7 8 |  8.1
Invocations    | 1 2 3 4 5 6 |  6.9
Fighting       | 1 2 3 4 5 6 |  6.3
Short Blades   | 1 2 3 4 5 6 |  6.3
Long Blades    | 1 2 3 4 5 6 |  6.3
Axes           | 1 2 3 4 5 6 |  6.3
Maces & Flails | 1 2 3 4 5 6 |  6.3
Polearms       | 1 2 3 4 5 6 |  6.3
Staves         | 1 2 3 4 5 6 |  6.3
Slings         | 1 2 3 4 5 6 |  6.3
Bows           | 1 2 3 4 5 6 |  6.3
Crossbows      | 1 2 3 4 5 6 |  6.3
Throwing       | 1 2 3 4 5 6 |  6.3
Armour         | 1 2 3 4 5 6 |  6.3
Shields        | 1 2 3 4 5 6 |  6.3
Unarmed Combat | 1 2 3 4 5 6 |  6.3
Evocations     | 1 2 3 4 5 6 |  6.3
Conjurations   | 1 2 3 4 5 |  5.2
Hexes          | 1 2 3 4 5 |  5.2
Summonings     | 1 2 3 4 5 |  5.2
Necromancy     | 1 2 3 4 5 |  5.2
Translocations | 1 2 3 4 5 |  5.2
Transmutations | 1 2 3 4 5 |  5.2
Fire Magic     | 1 2 3 4 5 |  5.2
Air Magic      | 1 2 3 4 5 |  5.2
Earth Magic    | 1 2 3 4 5 |  5.2
Poison Magic   | 1 2 3 4 5 |  5.2
Dodging        | 5 6 7 |  7.9
Stealth        | 5 6 7 |  7.7
Ice Magic      | 8 |  8.9

Action                   |  1- 3 |  4- 6 |  7- 9 | 10-12 || total
-------------------------+-------+-------+-------+-------++-------
Melee: Hand axe          |    43 |    68 |    86 |       ||   197
       Bite              |     6 |     6 |    17 |    15 ||    44
       Punch             |       |     1 |     2 |     5 ||     8
       Falchion          |       |       |    20 |    12 ||    32
       Whip              |       |       |    17 |       ||    17
       Trident           |       |       |       |   114 ||   114
Throw: Dart              |       |       |       |     1 ||     1
 Cast: Freeze            |    11 |     7 |     6 |       ||    24
       Frozen Ramparts   |       |    15 |    25 |    41 ||    81
       Summon Ice Beast  |       |     3 |    19 |    26 ||    48
       Foxfire           |       |       |   300 |   108 ||   408
       Dazzling Flash    |       |       |       |     1 ||     1
  Use: Scroll            |       |     2 |    12 |    11 ||    25
       Potion            |       |     2 |       |       ||     2
 Stab: Sleeping          |     4 |     3 |     2 |     4 ||    13
       Distracted        |       |       |     1 |       ||     1
Armor: Robe              |    10 |     9 |    58 |    47 ||   124
Dodge: Dodged            |    46 |    72 |   144 |   145 ||   407
       Rpst.: Falchion   |       |       |     5 |     2 ||     7

Table legend: (Time is in decaauts)
 A = Elapsed time spent in this place.
 B = Non-inter-level travel time spent in this place.
 C = Inter-level travel time spent in this place.
 D = Time resting spent in this place.
 E = Time spent auto-exploring this place.
 F = Levels seen in this place.
 G = Mean time per level.
                   A        B        C        D        E       F      G
               +--------+--------+--------+--------+--------+-----+--------+
         Total |  13601 |  13330 |    271 |    958 |   9761 |  12 | 1133.4 |
       Dungeon |  12181 |  11910 |    271 |    451 |   9177 |  11 | 1107.4 |
       Ossuary |   1420 |   1420 |      0 |    507 |    584 |   1 | 1420.0 |
               +--------+--------+--------+--------+--------+-----+--------+

Top non-repeatable levels by time:
     D:6: 1579 daAuts
 Ossuary: 1420 daAuts
     D:5: 1404 daAuts
     D:9: 1393 daAuts
     D:8: 1323 daAuts
     D:2: 1197 daAuts
    D:10: 1166 daAuts
     D:3: 1116 daAuts
     D:4: 917 daAuts
     D:1: 808 daAuts
    D:11: 639 daAuts
     D:7: 636 daAuts
